 Dungeon Crawl Stone Soup version 0.18-a0-1045-g4e042de (webtiles) character file.

31 Ijustatesigmund the Skirmisher (level 3, 0/29 HPs)
             Began as a Demonspawn Abyssal Knight on Jan 11, 2016.
             Was a Follower of Lugonu.
             Slain by Jessica (1 damage)
             ... on level 2 of the Dungeon.
             The game lasted 00:02:48 (918 turns).

Ijustatesigmund the Skirmisher (DsAK)                Turns: 918, Time: 00:02:48

Health: 0/29       AC:  3    Str: 12    XL:     3   Next: 7%
Magic:  5/5        EV: 11    Int: 13    God:    Lugonu [*.....]
Gold:   43         SH:  0    Dex: 13    Spells: 0 memorised, 2 levels left

rFire  . . .     SeeInvis .     a - +1 mace
rCold  . . .     Gourm    .     b - +0 leather armour
rNeg   . . .     Faith    .     (no shield)
rPois  .         Spirit   .     (no helmet)
rElec  .         Dismiss  .     (no cloak)
rCorr  .         Reflect  .     (no gloves)
SustAt .         Harm     .     (no boots)
MR     .....                    (no amulet)
Stlth  +.........               (no ring)
                                (no ring)

@: not resistant to hostile enchantments, very unstealthy
A: talons 1
a: Depart the Abyss, Renounce Religion


You were on level 2 of the Dungeon.
You worshipped Lugonu.
Lugonu was aware of your devotion.
You were not hungry.

You visited 1 branch of the dungeon, and saw 2 of its levels.
You visited the Abyss 1 time.

You collected 43 gold pieces.

Inventory:

Hand Weapons
 a - a +1 mace (weapon)
Armour
 b - a +0 leather armour (worn)
Jewellery
 d - an uncursed ring of teleportation
Scrolls
 e - a scroll of fog
Potions
 g - a potion of curing
Comestibles
 c - 3 bread rations
 h - a beef jerky


   Skills:
 + Level 3.4 Fighting
 * Level 2.5 Maces & Flails
 - Level 1.7 Armour
 - Level 0.8 Dodging
 + Level 2.9 Invocations


You had 2 spell levels left.
You didn't know any spells.

Dungeon Overview and Level Annotations

Branches:
Dungeon (2/15)

Altars:

Annotations:
D:2 Ijyb, Jessica


Innate Abilities, Weirdness & Mutations

You have sharp toenails.


Message History

The puff of flame misses you.
The puff of flame hits the quokka.
The quokka dies!
It is a wand of flame.
Jessica zaps a wand.
The puff of flame hits you!
You closely miss Jessica.
Jessica zaps a wand.
The puff of flame hits you! Ijyb closely misses you. Jessica barely misses you.
You completely miss Jessica. You claw Jessica, but do no damage.
Jessica hits you. Ijyb hits you but does no damage.
Jessica zaps a wand.
The puff of flame hits you!
* * * LOW HITPOINT WARNING * * *
Ijyb closely misses you.
You hit Jessica.
Jessica is moderately wounded.
Jessica hits you.
* * * LOW HITPOINT WARNING * * *
Jessica zaps a wand.
The puff of flame misses you.
The puff of flame hits Ijyb.
Ijyb barely misses you.
Your leather armour prevents you from hitting Jessica.
Jessica is lightly wounded.
Jessica hits you.
You die...

#.# ##.## #...# #...#
#...# . #...# ... #...#
.....#############...###
......g@@...............
.####.#############.####
# #รท# #.# ##.###
#....## #...... #)...##
######


You could see Ijyb and Jessica.

Vanquished Creatures
  An adder (D:2)
  A worm (D:2)
  A giant gecko (D:1)
  A bat (D:1)
  2 goblins (D:1)
  2 hobgoblins (D:1)
  2 kobolds (D:1)
  5 giant newts (D:1)
  4 rats (D:1)
19 creatures vanquished.

Vanquished Creatures (others)
  A quokka (D:2)
1 creature vanquished.

Grand Total: 20 creatures vanquished

Notes
Turn   | Place    | Note
--------------------------------------------------------------
     0 | Abyss:1  | Ijustatesigmund the Demonspawn Abyssal Knight began the quest for the Orb.
     0 | Abyss:1  | Reached XP level 1. HP: 18/18 MP: 2/2
    52 | Abyss:1  | Noticed an ancient zyme
    53 | Abyss:1  | Noticed a rakshasa
    61 | D:1      | Escaped the Abyss
   135 | D:1      | Reached * piety under Lugonu
   273 | D:1      | Gained mutation: You have sharp toenails. [demonic ancestry]
   273 | D:1      | Reached XP level 2. HP: 24/24 MP: 3/3
   894 | D:2      | Noticed Ijyb
   898 | D:2      | Noticed Jessica
   909 | D:2      | Reached XP level 3. HP: 18/29 MP: 5/5
   917 | D:2      | HP: 1/29 [Jessica (1)]
   918 | D:2      | Slain by Jessica

Vault maps used:
D:1:      minmay_arrival_glassed_features
D:2:      vehumet_crystals, lemuel_doored_altar, supply_closet_lemuel,
          uniq_crazy_yiuf_cottage, uniq_iyjb, uniq_jessica

Action                   || total
-------------------------++-------
Melee: Mace              ||    70
Invok: Depart the Abyss  ||     1
  Use: Scroll            ||     5
       Potion            ||     4
